 Dungeon Crawl Stone Soup version 0.29.0-10-g45618ea6d2 (webtiles) character file.

Game seed: 3645103986402002460

60 benadryl the Ruffian (level 3, -4/33 HPs)
             Began as a Troll Earth Elementalist on Sept 1, 2022.
             Slain by a gnoll
             ... wielding a +0 flail
              (10 damage)
             ... on level 2 of the Dungeon.
             The game lasted 00:01:14 (981 turns).

benadryl the Ruffian (Troll Earth Elementalist)      Turns: 981, Time: 00:01:14

Health: -4/33      AC:  4    Str: 16    XL:     3   Next: 80%
Magic:  2/3        EV:  9    Int: 19    God:
Gold:   77         SH:  0    Dex: 10    Spells: 3/4 levels left

rFire   . . .      SeeInvis .     - Unarmed
rCold   . . .      Faith    .   (no shield)
rNeg    . . .      Spirit   .   a - +0 robe
rPois   .          Reflect  .   (helmet restricted)
rElec   .          Harm     .   (no cloak)
rCorr   .          Rampage  .   (gloves unavailable)
Will    .....                   (boots unavailable)
Stlth   +.........              (no amulet)
HPRegen 0.91/turn               g - +6 ring of intelligence
MPRegen 0.08/turn               (no ring)

@: brilliant
A: large, unfitting armour, claws 3, regeneration 1, shaggy fur 1, tough skin 1
a: no special abilities


You were on level 2 of the Dungeon.
You visited 1 branch of the dungeon, and saw 2 of its levels.

You collected 77 gold pieces.

Inventory:

Armour
 a - a +0 robe (worn)
Jewellery
 g - a +6 ring of intelligence (left claw)
Scrolls
 f - a scroll of teleportation {unknown}
 j - 2 scrolls of identify {unknown}
 k - a scroll of poison {unknown}
 l - a scroll of summoning {unknown}
 m - a scroll of magic mapping {unknown}
 o - a scroll of fog {unknown}
Potions
 b - a potion of magic
 c - a potion of heal wounds {unknown}
 d - a potion of brilliance
 e - a potion of degeneration {unknown}
 h - a potion of invisibility {unknown}
 i - a potion of flight {unknown}
 n - 2 potions of curing {unknown}


   Skills:
 + Level 1.4 Fighting
 - Level 1.5 Dodging
 - Level 1.0 Stealth
 * Level 2.8 Unarmed Combat
 - Level 1.2 Spellcasting
 - Level 0.6 Transmutations
 - Level 2.6 Earth Magic


You had 3 spell levels left.
You knew the following spells:

 Your Spells              Type           Power      Damage    Failure   Level
a - Sandblast             Erth           34%        2d9       6%          1

Your spell library contained the following spells:

 Spells                   Type           Power      Damage    Failure   Level
 Passwall                 Tmut/Erth      9%         N/A       14%         2
 Ensorcelled Hibernation  Hex/Ice        2%         N/A       28%         2
 Stone Arrow              Conj/Erth      18%        3d8       32%         3
 Swiftness                Air            1%         N/A       50%         3
 Petrify                  Tmut/Erth      11%        N/A       67%         4
 Summon Ice Beast         Ice/Summ       1%         N/A       88%         4
 Summon Mana Viper        Hex/Summ       1%         N/A       99%         5
 Monstrous Menagerie      Summ           0%         N/A       100%        7


Dungeon Overview and Level Annotations

Branches:
Dungeon (2/15)

Altars:

Shops:
D:1 ?


Innate Abilities, Weirdness & Mutations

You are too large for most types of armour.
You have claws for hands.
Your natural rate of healing is unusually fast.
You are covered in fur. (AC +1)
You have tough skin. (AC +1)


Message History

Press: ? - help, Q - select action Shift-Dir - straight line, f - gnoll
Aim: a gnoll, wielding a +0 club (84% to hit)
You miscast Sandblast.
You are very lightly contaminated with residual magic.
Nothing appears to happen.
The gnoll hits you from afar with a +0 spear.
Aiming: Sandblast (safe; 6% risk of failure)
Press: ? - help, Q - select action Shift-Dir - straight line, f/p - gnoll
Aim: a gnoll, wielding a +0 club (84% to hit)
The blast of sand hits the gnoll.
The gnoll is moderately wounded.
The gnoll attacks as you move away! The gnoll closely misses you.
Aiming: Sandblast (safe; 6% risk of failure)
Press: ? - help, Q - select action Shift-Dir - straight line, f/p - gnoll
Aim: a gnoll, wielding a +0 club (moderately wounded, 84% to hit)
The blast of sand hits the gnoll.
The gnoll is heavily wounded.
The gnoll hits you with a +0 club. The gnoll hits you but does no damage.
The gnoll barely misses you. The gnoll hits you but does no damage.
Your magical contamination has completely faded away.
The gnoll attacks as you move away! The gnoll barely misses you.
The gnoll attacks as you move away! The gnoll hits you with a +0 club.
You closely miss the gnoll.
The gnoll is heavily wounded.
The gnoll hits you from afar with a +0 spear.
The gnoll hits you but does no damage. The gnoll attacks as you move away!
The gnoll hits you with a +0 club.
You scratch the gnoll.
You kill the gnoll!
The gnoll hits you from afar with a +0 spear!
There is an open door here.
The gnoll attacks as you move away! The gnoll hits you with a +0 flail.
The gnoll attacks as you move away! The gnoll hits you with a +0 flail!
* * * LOW HITPOINT WARNING * * *
The gnoll attacks as you move away! The gnoll hits you with a +0 flail.
* * * LOW HITPOINT WARNING * * *
It was a potion of brilliance.
You feel clever all of a sudden. The gnoll hits you with a +0 flail!
You die...

#########)# #...#...##.# ......#
#.# ###+#...#.####.#
......###'### #.......#'####.# #
............# #...........##.#.##
............# #.....#.....##.#.#.
............# #.....#.....##.#.#.
....†.......#####.###.....##.#.#.
.............####'#####+### #.#.
......######.ggg@...# #.#.
......# ###......# #.#. #######
##.....# #... #.....# ##..#
###'#.## ##...# #.#..### #...##
#.##...# #.#.# #.####.#####.#+##
#.# #.....#....#


You could see 3 gnolls.

Vanquished Creatures
  An adder (D:2)
  A gnoll (D:2)
  3 ball pythons
  6 bats
  5 endoplasms (D:1)
  2 goblins (D:2)
  2 hobgoblins (D:1)
  6 jackals (D:1)
  3 kobolds (D:1)
  3 quokkas (D:1)
  3 frilled lizards
  4 rats (D:1)
39 creatures vanquished.

Notes
Turn   | Place    | Note
-------+----------+-------------------------------------------
     0 | D:1      | benadryl the Troll Earth Elementalist began the quest for
                  | the Orb.
     0 | D:1      | Reached XP level 1. HP: 16/16 MP: 1/1
    28 | D:1      | Reached skill level 1 in Unarmed Combat
    63 | D:1      | Reached XP level 2. HP: 26/26 MP: 2/2
   309 | D:1      | Reached skill level 1 in Fighting
   315 | D:1      | Reached XP level 3. HP: 33/33 MP: 3/3
   417 | D:1      | Found Sepsatek's Magic Scroll Shop.
   981 | D:2      | Slain by a gnoll

Illustrated notes

Levels and vault maps discovered:
D:1:      dpeg_arrival_round_a, layout_rooms, serial_shops,
          nicolae_diamond_shop, st_stairs_8, lemuel_another_geyser
D:2:      layout_basic

Skill      XL: |  1  2 |
---------------+-------+-----
Unarmed Combat | 1 2 |  2.8
Fighting       | 1 |  1.4
Dodging        | |  1.5
Stealth        | |  1.0
Spellcasting   | |  1.2
Transmutations | |  0.6
Earth Magic    | |  2.6

Action                   || total
-------------------------++-------
Melee: Unarmed           ||   124
       Punch             ||     1
 Cast: Sandblast         ||     2
  Use: Potion            ||     1
 Stab: Sleeping          ||     2
Armor: Robe              ||    54
Dodge: Dodged            ||    56
